 Dungeon Crawl Stone Soup version 0.30-a0-946-gec5dcfc036 (webtiles) character file.

Game seed: 5263104438161692013

5359 kae the Transmogrifier (level 10, -1/100 HPs)
             Began as a Naga Transmuter on Mar 26, 2023.
             Was a Priest of Cheibriados.
             Slain by a wyvern (14 damage)
             ... on level 9 of the Dungeon.
             The game lasted 00:10:49 (9447 turns).

kae the Transmogrifier (Naga Transmuter)            Turns: 9447, Time: 00:10:49

Health: -1/100     AC: 10    Str: 22    XL:     10   Next: 65%
Magic:  0/28       EV: 11    Int: 25    God:    Cheibriados [***...]
Gold:   918        SH:  0    Dex: 24    Spells: 11/21 levels left

rFire   x . .      SeeInvis +      - Unarmed
rCold   + + +      Faith    .    (shield currently unavailable)
rNeg    . . .      Spirit   +    a - melded +0 robe
rPois   +          Reflect  .    (helmet currently unavailable)
rElec   .          Rampage  .    i - melded +0 cloak
rCorr   .                        (gloves currently unavailable)
Will    +....                    (no barding)
Stlth   ++                       t - amulet of Waschaut {Spirit MP+9 Dex+5}
HPRegen 0.36/turn                (no ring)
MPRegen 0.21/turn                (no ring)

@: ice-form, very slow
A: freezing attack, amphibious, boosted hp, AC +3, large, see invisible,
(deformed body), (poison resistance), (slowness 2), spit poison 1, (naga tail 1)
a: Spit Poison, End Transformation, Renounce Religion, Bend Time, Temporal
Distortion


You were on level 9 of the Dungeon.
You worshipped Cheibriados.
Cheibriados was most pleased with you.
You were a creature of crystalline ice.
You visited 2 branches of the dungeon, and saw 11 of its levels.
You also visited: Bailey.

You collected 918 gold pieces.


Innate Abilities, Weirdness & Mutations

You are a creature of crystalline ice.
You have a powerful freezing melee attack.
You are amphibious.
Your maximum health is increased.
Your armour is entirely melded.
You are incapable of wielding weapons or throwing items.
((Your serpentine skin is tough. (AC +3)))
You have supernaturally acute eyesight. (SInv)
((Armour fits poorly on your strangely shaped body.))
((Your system is resistant to poisons. (rPois)))
((You cover ground very slowly.))
You can spit poison.
((You have a snake-like lower body.))


   Skills:
 + Level 3.1 Fighting
 + Level 3.0 Dodging
 + Level 7.6 Unarmed Combat
 - Level 6.0 Spellcasting
 - Level 9.0 Transmutations
 - Level 6.3 Ice Magic
 - Level 3.0 Poison Magic
 + Level 3.1 Invocations


You had 11 spell levels left.
You knew the following spells:

 Your Spells              Type           Power      Damage    Failure   Level
a - Beastly Appendage     Tmut           100%       N/A       1%          1
b - Wereblood             Tmut           52%        N/A       1%          2
c - Spider Form           Tmut/Pois      37%        N/A       1%          3
d - Ice Form              Ice/Tmut       46%        N/A       3%          4

Your spell library contained the following spells:

 Spells                   Type           Power      Damage    Failure   Level
 Ozocubu's Armour         Ice            39%        N/A       1%          3
 Apportation              Tloc           14%        N/A       8%          1
 Necrotise                Necr           28%        1d5       8%          1
 Summon Small Mammal      Summ           28%        N/A       8%          1
 Tukima's Dance           Hex            7%         N/A       22%         3
 Yara's Violent Unravell  Hex/Tmut       15%        3d8       32%         5
 Metabolic Englaciation   Hex/Ice        11%        N/A       50%         5
 Leda's Liquefaction      Hex/Erth       3%         N/A       58%         4
 Passage of Golubria      Tloc           7%         N/A       58%         4
 Borgnjor's Vile Clutch   Necr/Erth      3%         N/A       90%         5
 Simulacrum               Ice/Necr       11%        N/A       97%         6

Inventory:

Missiles
 c - 102 stones
 l - 4 atropa-tipped darts
 r - 26 poisoned darts
 x - 2 curare-tipped darts {=f}
 z - 19 boomerangs
 B - 4 datura-tipped darts {forbidden}
Armour
 a - a +0 robe (melded)
 i - a +0 cloak (melded)
   (You found it on level 2 of the Dungeon)
Magical Staves
 C - a staff of poison {!a}
   (You took it off an orc wizard on level 8 of the Dungeon)
Jewellery
 f - a ring of fire
   (You found it on level 7 of the Dungeon)
 t - the amulet of Waschaut (around neck) {Spirit MP+9 Dex+5}
   (You found it on level 3 of the Dungeon)

   [amulet of guardian spirit]

   It causes incoming damage to be divided between your reserves of health and
   magic.
   Dex:       It affects your dexterity (+5).
   MP:        It affects your magic capacity (+9).
 v - an amulet of magic regeneration
   (You took it off a gnoll on level 7 of the Dungeon)
 F - a ring of fire
   (You found it on level 1 of the Dungeon)
 G - an amulet of guardian spirit
   (You found it on level 4 of the Dungeon)
 R - a ring of resist corrosion
   (You found it on level 8 of the Dungeon)
Wands
 e - a wand of iceblast (20)
   (You found it on level 6 of the Dungeon)
 s - a wand of mindburst (41)
   (You found it on level 3 of the Dungeon)
Scrolls
 h - a scroll of fog
 j - 2 scrolls of immolation {!r!r}
 k - 8 scrolls of teleportation {@r4}
 u - a scroll of enchant armour
 y - a scroll of brand weapon
 E - a scroll of vulnerability {unknown}
 H - a scroll of poison
Potions
 b - a potion of brilliance
 d - 3 potions of flight
 g - 3 potions of attraction {!q}
 m - 2 potions of might
 n - a potion of degeneration {!q}
 o - 9 potions of curing {@q1}
 p - 4 potions of heal wounds {@q2}
 q - 2 potions of haste {@q3}
 w - 2 potions of haste {forbidden@q3}
 A - a potion of magic
 I - a potion of mutation {!q}

Dungeon Overview and Level Annotations

Branches:
Dungeon (10/15) Zot: 40445  Temple (1/1) D:5 Zot: 8449    Lair (0/5) D:10
    Orc (0/2) D:9          Bailey (visited)

Altars:
Ashenzari
Cheibriados
Dithmenos
Elyvilon
Fedhas
Gozag
Hepliaklqana
Kikubaaqudgha
Makhleb
Nemelex Xobeh
Okawaru
Qazlal
Ru
Trog
Uskayaw
Wu Jian
Zin
The Shining One #.# #.# ####### #.# )>...$. ######.### ooo.... #.....<..# oo.o⌠.. ######.#.# ooooo.. ######[#.# o8..ooo

#..?...#.#
####8o8##Y######.#
..o.o..)l.# #.#
#####..##.######.#
##........>..#
##.#.######## #.#
#.# #.# .#


You could see a wyvern and 2 orcs.


Message History

Found a stone staircase leading up.
You see here a +0 cloak.
An orc comes into view. It is wielding a +0 mace.
You see here a scroll labelled WAILYNGAWI.
Unknown command.
An orc warrior and an orc come into view.
The orc shouts! x2; You hear a shout! x10
An orc comes into view. It is wielding a +0 trident.
An orc comes into view. It is wielding a +0 dagger.
The orc closely misses you.
You hear a shout! x3
You punch the orc!
You kill the orc!
Cheibriados thoroughly appreciates the change of pace.
You hear a shout!
You hear an angry hiss.
You hear a shout!
An orc priest, 3 orc warriors, 2 orcs and a wyvern come into view.
An orc warrior is wielding a +0 vampiric war axe.
Found 24 gold pieces.
Found a roughly hewn altar of Beogh.
Found a staircase to the Orcish Mines.
The orc warrior shouts! x2; You hear a shout! x2
An orc comes into view. It is wielding a +0 mace.
The orc hits you with a +0 dagger.
An orc comes into view. It is wielding a +0 mace.
An orc comes into view. It is wielding a +2 whip of pain.
An orc comes into view. It is wielding a +0 club.
The orc misses you.
An orc priest comes into view. It is wielding a +0 flail.
The orc moves out of view.
Things that are here:
a +0 mace; a +0 leather armour; an orc corpse 😕 HP[-1]
You take 1 damage, and now have 83/84 hp.
The orc warrior shouts!
You hit the orc. You punch the orc.
You kill the orc!
Cheibriados thoroughly appreciates the change of pace.
An orc comes into view. It is wielding a +0 dagger.
An orc comes into view. It is wielding a +0 short sword.
An orc warrior and 4 orcs come into view.
An orc is wielding a +0 mace and quivering boomerangs of dispersal.
The orc warrior shouts!
The orc shouts!
The orc hits you but does no damage. The orc hits you with a +0 trident.
The orc warrior hits you with a +0 war axe!
An orc comes into view. It is wielding a +0 club.
The orc hits you with a +0 trident.
The orc hits you from afar with a +0 trident.
An orc comes into view. It is wielding a +0 flail.
The orc warrior hits you with a +0 war axe!
An orc comes into view. It is wielding a +0 club.
Things that are here:
a +0 dagger; an orc corpse; 😮 HP[-29] MP[-9]
You take 29 damage, and now have 54/84 hp.
MASSIVE DAMAGE!! (PAUSE)
You lost 9 mp, and now have 19/28 mp.
The orc warrior attacks as you move away!
The orc warrior hits you with a +0 war axe!
The orc attacks as you move away! The orc hits you but does no damage.
The orc hits you from afar with a +0 trident.
The orc priest mumbles some strange prayers to Beogh against the orc.
Beogh smites you!
* * * LOW HITPOINT WARNING * * *
The orc hits you from afar with a +0 trident.
* * * LOW HITPOINT WARNING * * *
The orc warrior hits you with a +0 war axe!
* * * LOW HITPOINT WARNING * * *
Things that are here:
a +0 mace; a +0 leather armour; an orc corpse 😱 HP[-35] MP[-13]
You take 35 damage, and now have 19/84 hp.
MASSIVE DAMAGE!! (PAUSE)
You lost 13 mp, and now have 6/28 mp.
Okay, then.
As you read the scroll of fear, it crumbles to dust.
You assume a fearsome visage.
The orc priest looks frightened!
The orc looks frightened!
The orc warrior looks frightened!
The orc looks frightened!
The orc warrior looks frightened!
The orc priest looks frightened!
The orc looks frightened! x4
The orc warrior resists with some effort.
The orc warrior looks frightened!
The orc looks frightened! x2
The orc warrior looks frightened!
The orc looks frightened! x2
The wyvern looks frightened!
The orc warrior wails, "Help!"
Unknown command.
Casting: Wereblood (safe; 1% risk of failure)
Confirm with . or Enter, or press ? or * to list all spells.
You turn into a creature of crystalline ice.
Your +0 cloak melds into your body.
Your +0 robe melds into your body.
Cornered, the wyvern turns to fight!
The wyvern hisses menacingly. 😱 HP[+4] MP[-3]
You now have 100 max hp (+16).
You regained 4 hp, and now have 23/100 hp.
You lost 3 mp, and now have 3/28 mp.
The wyvern bites you!
* * * LOW HITPOINT WARNING * * *
😱 HP[-10] MP[-2]
You take 10 damage, and now have 13/100 hp.
You lost 2 mp, and now have 1/28 mp.
The wyvern attacks as you move away! The wyvern bites you!
You die...

Skill      XL: |  1  2  3  4  5  6  7  8  9 10 |
---------------+-------------------------------+-----
Transmutations | 3 4 5 6 7 8 9 |  9.0
Poison Magic   | 1 2 3 |  3.0
Unarmed Combat | 4 5 6 7 |  7.6
Spellcasting   | 3 4 5 6 |  6.0
Ice Magic      | 3 6 |  6.3
Invocations    | 3 |  3.1
Dodging        | 3 |  3.0
Fighting       | 3 |  3.1

Action                     |  1- 3 |  4- 6 |  7- 9 | 10-12 || total
---------------------------+-------+-------+-------+-------++-------
  Melee: Unarmed           |    82 |   160 |   223 |   116 ||   581
         Headbutt          |     8 |     9 |     2 |       ||    19
         Punch             |     1 |     2 |     1 |     1 ||     5
   Cast: Beastly Appendage |    19 |    18 |     2 |       ||    39
         Wereblood         |       |     3 |    11 |     6 ||    20
         Spider Form       |       |     8 |    19 |       ||    27
         Ice Form          |       |       |     7 |    10 ||    17
Ability: Spit Poison       |    26 |    24 |     1 |     1 ||    52
    Use: Scroll            |       |    12 |     8 |     3 ||    23
         Potion            |       |       |     6 |     1 ||     7
   Stab: Sleeping          |       |     3 |       |       ||     3
         Invisible         |       |       |     5 |     6 ||    11
 Armour: Robe              |    39 |    34 |     8 |     8 ||    89
         Skin              |       |     4 |    50 |    27 ||    81
  Dodge: Dodged            |    79 |   108 |   202 |    97 ||   486

Levels and vault maps discovered:
D:1:      wander_arrival_chamber, layout_loops_cross
D:2:      layout_loops_ring
D:3:      minmay_door_path, layout_basic, mainiacjoe_overflow_six_doors_small,
          lemuel_doored_altar, kennysheep_generic_room_3
D:4:      layout_basic, grunt_qazlal_sundering, bloody_trog,
          guppyfry_early_lair_pool
D:5:      layout_basic, nicolae_tso_besieged_by_evil,
          minmay_temple_entry_gardened_gates, dreamdust_wishing_well,
          uniq_prince_ribbit1, uniq_crazy_yiuf_cottage
D:6:      layout_loops_ring, makhleb_heckhound_becter, overflow_temple_1_default
D:7:      layout_rooms, hangedman_decor_growths, uniq_menkaure
D:8:      layout_cave_pools, uniq_joseph
D:9:      layout_loops_ring, jmf_multi_god_temple2,
          chequers_temple_overflow_statue_of_worship, david_orc_5, uniq_erolcha
D:10:     layout_roguey, dpeg_lair_monsters, enter_bailey_2,
          grunt_decor_arrowhead, onia_ninara_dug_in_and_dangerous
Temple:   minmay_temple_curvy_loop

Notes
Turn   | Place    | Note
-------+----------+-------------------------------------------
     0 | D:1      | kae the Naga Transmuter began the quest for the Orb.
     0 | D:1      | Reached XP level 1. HP: 18/18 MP: 3/3
     0 | D:1      | magus.rc [v1.11.3]
   255 | D:1      | Reached XP level 2. HP: 16/25 MP: 3/5
   865 | D:2      | Reached XP level 3. HP: 27/31 MP: 4/6
  1005 | D:2      | Learned a level 2 spell: Wereblood
  1009 | D:2      | Learned a level 3 spell: Spider Form
  1464 | D:2      | Reached skill level 3 in Transmutations
  1464 | D:2      | Reached skill level 1 in Poison Magic
  1464 | D:2      | Reached XP level 4. HP: 21/38 MP: 5/7
  1616 | D:3      | You pick up a book of Winter and begin reading...
  1616 | D:3      | You add the spells Ozocubu's Armour, Metabolic Englaciation
                  | and Simulacrum to your library.
  1646 | D:3      | You pick up a book of Cantrips and begin reading...
  1646 | D:3      | You add the spells Necrotise, Summon Small Mammal and
                  | Apportation to your library.
  1860 | D:3      | Reached skill level 2 in Poison Magic
  2439 | D:3      | Found a white marble altar of Elyvilon.
  2526 | D:3      | Reached XP level 5. HP: 43/44 MP: 6/9
  2615 | D:3      | Found a hazy altar of Hepliaklqana.
  2780 | D:3      | Identified the amulet of Waschaut {Spirit MP+9 Dex+5}
  3641 | D:4      | Found a stormy altar of Qazlal.
  3682 | D:4      | Reached skill level 3 in Poison Magic
  3715 | D:4      | You add the spells Tukima's Dance, Passage of Golubria and
                  | Yara's Violent Unravelling to your library.
  4094 | D:4      | Reached skill level 4 in Transmutations
  4124 | D:4      | Found a bloodstained altar of Trog.
  4240 | D:5      | Entered Level 5 of the Dungeon
  4250 | D:5      | Reached skill level 4 in Unarmed Combat
  4250 | D:5      | Reached skill level 3 in Spellcasting
  4250 | D:5      | Reached XP level 6. HP: 43/51 MP: 10/10
  4408 | D:5      | Found a glowing golden altar of the Shining One.
  4410 | D:5      | Noticed Prince Ribbit
  4434 | D:5      | Killed Prince Ribbit
  4435 | D:5      | Reached skill level 5 in Transmutations
  4435 | D:5      | Reached XP level 7. HP: 56/57 MP: 12/12
  4579 | D:5      | HP: 14/57 [ice beast (10)]
  4585 | D:5      | HP: 14/57 [centaur (1)]
  4587 | D:5      | Reached skill level 5 in Unarmed Combat
  4587 | D:5      | Reached skill level 4 in Spellcasting
  4587 | D:5      | Reached skill level 6 in Transmutations
  4593 | D:5      | Reached XP level 8. HP: 16/64 MP: 2/14
  4772 | D:5      | Found a staircase to the Ecumenical Temple.
  4805 | Temple   | Entered the Ecumenical Temple
  5046 | Temple   | Became a worshipper of Cheibriados the Contemplative
  5082 | D:5      | Learned a level 4 spell: Ice Form
  5401 | D:5      | Found a runed translucent door.
  5402 | D:5      | Noticed Crazy Yiuf
  5590 | D:5      | Killed Crazy Yiuf
  5673 | D:6      | Reached skill level 1 in Ice Magic
  5929 | D:6      | HP: 9/64 [ogre/+0 giant spiked club (22)]
  5932 | D:6      | Reached skill level 2 in Ice Magic
  5934 | D:6      | HP: 9/96 [water moccasin (6)]
  6205 | D:6      | Reached skill level 7 in Transmutations
  6419 | D:6      | Reached skill level 3 in Ice Magic
  6462 | D:6      | Found an iron altar of Okawaru.
  6553 | D:6      | Found a burning altar of Makhleb.
  6558 | D:6      | Reached * piety under Cheibriados
  6749 | D:7      | HP: 16/76 [killer bee (6)]
  6750 | D:7      | HP: 6/76 [killer bee (6)]
  6751 | D:7      | Reached XP level 9. HP: 7/70 MP: 3/16
  6755 | D:7      | Reached skill level 5 in Spellcasting
  6755 | D:7      | HP: 10/84 [poisoned by a killer bee]
  6760 | D:7      | HP: 8/84 [poisoned by a killer bee]
  7096 | D:7      | Reached skill level 4 in Ice Magic
  7135 | D:7      | Noticed Menkaure
  7145 | D:7      | Killed Menkaure
  7146 | D:7      | Reached skill level 6 in Unarmed Combat
  7470 | D:7      | Reached ** piety under Cheibriados
  7814 | D:8      | Noticed Joseph
  7844 | D:8      | Killed Joseph
  7845 | D:8      | Reached skill level 8 in Transmutations
  7845 | D:8      | Reached skill level 5 in Ice Magic
  8021 | D:8      | Noticed a white ugly thing
  8032 | D:8      | HP: 28/126 [white ugly thing (11)]
  8034 | D:8      | HP: 6/126 [yak (9)]
  8035 | D:8      | Killed a white ugly thing
  8036 | D:8      | Reached skill level 6 in Ice Magic
  8036 | D:8      | Reached XP level 10. HP: 8/78 MP: 0/18
  8038 | D:8      | Reached skill level 9 in Transmutations
  8056 | D:7      | HP: 14/78 [orc/+1 dagger of flaming (2)]
  8489 | D:8      | Reached skill level 6 in Spellcasting
  8519 | D:8      | Reached skill level 7 in Unarmed Combat
  8519 | D:8      | Reached skill level 1 in Invocations
  8533 | D:8      | Reached skill level 2 in Dodging
  8538 | D:8      | Reached *** piety under Cheibriados
  8617 | D:8      | HP: 21/90 [steam dragon/ball of steam (10)]
  8619 | D:8      | Reached skill level 2 in Fighting
  9059 | D:8      | You fall into a shaft and drop 2 floors!
  9059 | D:10     | Entered Level 10 of the Dungeon
  9111 | D:10     | Found a flagged portal.
  9120 | Bailey   | Entered a bailey
  9152 | Bailey   | Reached skill level 2 in Invocations
  9230 | Bailey   | Noticed an orc knight
  9246 | Bailey   | Killed an orc knight
  9256 | Bailey   | Found a bloodstained altar of Trog.
  9270 | Bailey   | Reached skill level 3 in Fighting
  9271 | Bailey   | Reached skill level 3 in Dodging
  9271 | Bailey   | Reached skill level 3 in Invocations
  9357 | Bailey   | You add the spells Leda's Liquefaction and Borgnjor's Vile
                  | Clutch to your library.
  9357 | Bailey   | Got the Encyclopedia of the Fault and the Oath
  9439 | D:9      | Found a staircase to the Orcish Mines.
  9442 | D:9      | HP: 19/84 [orc warrior/+0 war axe (9)]
  9447 | D:9      | Slain by a wyvern

Vanquished Creatures
  An orc knight (Bailey)
  Joseph (D:8)
  An ugly thing (D:8)
  Prince Ribbit (D:5)
  4 yaks (D:8)
  A steam dragon (D:8)
  Menkaure (D:7)
  2 water moccasins (D:6)
  An ice beast (D:5)
  4 orc warriors (Bailey)
  A black bear (D:5)
  A sky beast (D:6)
  A centaur (D:5)
  3 ogres
  6 kobold brigands
  A bullfrog (D:7)
  7 wights (D:8)
  8 killer bees
  A howler monkey (D:2)
  2 jellies (D:5)
  A quasit (D:5)
  3 hounds
  Crazy Yiuf (D:5)
  2 orc priests
  A sleepcap (D:7)
  A gnoll bouda (D:7)
  An iguana (D:6)
  4 orc wizards
  9 gnolls
  12 adders
  2 shadow imps
  2 white imps
  2 ufetubi
  2 worms (D:3)
  2 dart slugs
  14 orcs
  9 bats
  8 endoplasms
  10 hobgoblins
  4 jackals
  4 quokkas
  3 ball pythons
  4 frilled lizards
  3 goblin skeletons (D:5)
  4 hobgoblin zombies (D:5)
  17 kobolds
  3 kobold zombies (D:5)
  An orc skeleton (D:5)
  An orc zombie (D:5)
  4 rats
182 creatures vanquished.

Vanquished Creatures (others)
  A kobold (D:8)
  10 plants
11 creatures vanquished.

Grand Total: 193 creatures vanquished

Table legend:
 A = Non-vault XP
 B = Vault XP
 C = Vault XP percentage of total XP
 D = Non-vault monster count
 E = Vault monster count
 F = Vault count percentage of total count
                 A         B        C        D         E       F
            +---------+---------+-------+---------+---------+-------
      Total |    4960 |    2696 |  35.2 |     139 |      43 |  23.6
            +---------+---------+-------+---------+---------+-------
        D:1 |      32 |       0 |   0.0 |      18 |       0 |   0.0
        D:2 |      74 |       0 |   0.0 |      14 |       0 |   0.0
        D:3 |      56 |      17 |  23.3 |      16 |       4 |  20.0
        D:4 |      65 |      52 |  44.4 |       9 |       4 |  30.8
        D:5 |     709 |     349 |  33.0 |      13 |      15 |  53.6
        D:6 |     799 |      40 |   4.8 |      13 |       1 |   7.1
        D:7 |     714 |     175 |  19.7 |      23 |       1 |   4.2
        D:8 |    2508 |     529 |  17.4 |      32 |       1 |   3.0
        D:9 |       3 |       3 |  50.0 |       1 |       1 |  50.0
     Bailey |       0 |    1531 | 100.0 |       0 |      16 | 100.0
            +---------+---------+-------+---------+---------+-------

Illustrated notes

Table legend:
 A = Kills in this place as a percentage of kills in the entire game.
 B = Kills by you in this place as a percentage of kills by you in the entire game.
 C = Kills by friends in this place as a percentage of kills by friends in the entire game.
 D = Other kills in this place as a percentage of other kills in the entire game.
 E = Experience gained in this place as a percentage of experience gained in the entire game.
 F = Experience gained in this place divided by the number of levels of this place that you have seen.
                   A       B       C       D       E      F
               +-------+-------+-------+-------+-------+----------------------
         Total | 100.0 | 100.0 |   N/A |   N/A | 100.0 | 638.0
       Dungeon |  91.2 |  91.2 |   N/A |   N/A |  80.0 | 612.5
        Bailey |   8.8 |   8.8 |   N/A |   N/A |  20.0 | 1531.0
               +-------+-------+-------+-------+-------+----------------------

Table legend: (Time is in decaauts)
 A = Elapsed time spent in this place.
 B = Non-inter-level travel time spent in this place.
 C = Inter-level travel time spent in this place.
 D = Time resting spent in this place.
 E = Time spent auto-exploring this place.
 F = Levels seen in this place.
 G = Mean time per level.
                   A        B        C        D        E       F      G
               +--------+--------+--------+--------+--------+-----+--------+
         Total |  12582 |  12030 |    552 |    290 |  10119 |  12 | 1048.5 |
       Dungeon |  11808 |  11364 |    444 |    290 |   9596 |  10 | 1180.8 |
        Temple |    384 |    277 |    107 |      0 |    271 |   1 |  384.0 |
        Bailey |    389 |    389 |      0 |      0 |    251 |   1 |  389.0 |
               +--------+--------+--------+--------+--------+-----+--------+

Top non-repeatable levels by time:
     D:7: 1811 daAuts
     D:3: 1722 daAuts
     D:4: 1597 daAuts
     D:5: 1535 daAuts
     D:6: 1514 daAuts
     D:8: 1330 daAuts
     D:1: 1099 daAuts
     D:2: 962 daAuts
  Bailey: 389 daAuts
  Temple: 384 daAuts
    D:10: 180 daAuts
     D:9: 54 daAuts
